 Dungeon Crawl Stone Soup version 0.29.0-13-gc9e81de378 (webtiles) character file.

Game seed: 10771207235462255810

33 Ofeo the Firebug (level 3, 0/26 HPs)
             Began as a Meteoran Fire Elementalist on Sept 9, 2022.
             Slain by a goblin
             ... wielding a +0 dagger
              (1 damage)
             ... on level 3 of the Dungeon.
             The game lasted 00:01:47 (194 turns).

Ofeo the Firebug (Meteoran Fire Elementalist)        Turns: 194, Time: 00:01:48

Health: 0/26       AC:  2    Str: 10    XL:     3   Next: 70%
Magic:  0/8        EV: 13    Int: 18    God:
Gold:   0          SH:  0    Dex: 14    Spells: 5/8 levels left

rFire   . . .      SeeInvis .   (no weapon)
rCold   . . .      Faith    .   (no shield)
rNeg    . . .      Spirit   .   a - +0 robe
rPois   .          Reflect  .   (no helmet)
rElec   .          Harm     .   (no cloak)
rCorr   .          Rampage  .   (no gloves)
Will    .....                   (no boots)
Stlth   +.........              (no amulet)
HPRegen 0.08/turn               (no ring)
MPRegen 0.11/turn               (no ring)

@: glowing
A: sense surroundings 1, otherworldly, glowing, explore regen
a: no special abilities


You were on level 3 of the Dungeon.
You visited 1 branch of the dungeon, and saw 4 of its levels.

Inventory:

Armour
 a - a +0 robe (worn)
Scrolls
 c - a scroll of blinking {unknown}
 d - 2 scrolls of identify {unknown}


   Skills:
 + Level 2.9 Dodging
 + Level 1.8 Stealth
 + Level 3.1 Spellcasting
 + Level 1.9 Conjurations
 + Level 4.0 Fire Magic


You had 5 spell levels left.
You knew the following spells:

 Your Spells              Type           Power      Damage    Failure   Level
a - Foxfire               Conj/Fire      52%        2x1d6     4%          1
b - Scorch                Fire           34%        2d6       4%          2

Your spell library contained the following spells:

 Spells                   Type           Power      Damage    Failure   Level
 Conjure Flame            Conj/Fire      13%        6-21      14%         3
 Inner Flame              Hex/Fire       10%        N/A       22%         3
 Flame Wave               Conj/Fire      13%        2d6       43%         4


Dungeon Overview and Level Annotations

Branches:
Dungeon (4/15) Zot: 2204
 Temple: D:4-7

Altars:

Annotations:
D:4 Dowan


Innate Abilities, Weirdness & Mutations

You passively map a small area around you.
You are easily found by Zot.
You glow in the dark.
You regain HP and MP as you explore.


Message History

You hit the adder.
The adder is almost dead.
The adder barely misses you.
Casting: Foxfire (safe; 4% risk of failure)
Confirm with . or Enter, or press ? or * to list all spells.
You conjure some foxfire!
The adder is no longer more vulnerable to fire.
The adder barely misses you.
You now have 0/8 mp.
You barely miss the adder.
The adder is almost dead.
The foxfire hits the adder.
You kill the adder!
The foxfire hits the goblin.
The goblin is severely wounded.
Your Fire Magic skill increases to level 4!
You barely miss the goblin.
The goblin is severely wounded.
The goblin hits you with a +0 dagger.
* * * LOW HITPOINT WARNING * * *
You take 1 damage, and have 5/26 hp.
You closely miss the goblin.
The goblin is severely wounded.
The goblin barely misses you.
Your magical contamination has completely faded away.
You hit the goblin but do no damage.
The goblin is severely wounded.
The goblin hits you with a +0 dagger.
* * * LOW HITPOINT WARNING * * *
You take 3 damage, and have 2/26 hp.
You barely miss the goblin.
The goblin is severely wounded.
The goblin hits you with a +0 dagger.
* * * LOW HITPOINT WARNING * * *
You take 1 damage, and have 1/26 hp.
The goblin attacks as you move away! The goblin closely misses you.
Casting: Foxfire (safe; 4% risk of failure)
Confirm with . or Enter, or press ? or * to list all spells.
You conjure some foxfire!
The goblin hits you with a +0 dagger.
You die...

#..........#.#
.......[...#.#
*
####.......#.#
.# #.......#.##
.# #.#######..#
* .# #.# ##.##
####.# #..##
...#. ##.v###
#.##, ##.@v#
#.# , ###g#
#.####### #
#.## * *
#.##....##.####
#..#
#.##.##.......#
##†#####..,
#.##....#######
#†....... *
..#####.#
#.......# ###
#.# #.......#
.######.#
#..$....#


You could see a goblin (ally target).

Vanquished Creatures
  2 adders
  A bat (D:3)
  2 endoplasms
  A giant cockroach (D:3)
  A goblin (D:4)
  2 hobgoblins (D:3)
  2 jackals
  2 rats (D:3)
13 creatures vanquished.

Vanquished Creatures (others)
  32 foxfires
32 creatures vanquished.

Grand Total: 45 creatures vanquished

Notes
Turn   | Place    | Note
-------+----------+-------------------------------------------
     0 | D:1      | Ofeo the Meteoran Fire Elementalist began the quest for the
                  | Orb.
     0 | D:1      | Reached XP level 1. HP: 14/14 MP: 5/5
    37 | D:2      | Reached XP level 2. HP: 12/20 MP: 1/6
    70 | D:3      | Learned a level 2 spell: Scorch
   130 | D:4      | Noticed a scorpion
   134 | D:4      | Noticed Dowan
   135 | D:4      | Noticed a phantom
   136 | D:4      | Reached XP level 3. HP: 26/26 MP: 1/8
   187 | D:3      | Reached skill level 4 in Fire Magic
   190 | D:3      | HP: 1/26 [goblin/+0 dagger (1)]
   194 | D:3      | Slain by a goblin

Illustrated notes

Levels and vault maps discovered:
D:1:      dpeg_arrival_rooms_with_view, layout_basic, minmay_misc_feat_rugged
D:2:      layout_basic, serial_shops, shop, kennysheep_pointless_box,
          uniq_jessica, uniq_sigmund, uniq_robin
D:3:      layout_basic, gammafunk_ghost_split, uniq_crazy_yiuf_cottage
D:4:      layout_loops_cross, minmay_misc_feat_columns, uniq_eustachio,
          uniq_duvessa

Skill      XL: |  1  2  3 |
---------------+----------+-----
Spellcasting   | 3 |  3.1
Fire Magic     | 4 |  4.0
Dodging        | |  2.9
Stealth        | |  1.8
Conjurations   | |  1.9

Action                   || total
-------------------------++-------
Melee: Unarmed           ||    13
 Cast: Foxfire           ||    19
       Scorch            ||     5
  Use: Potion            ||     1
Armor: Robe              ||    18
Dodge: Dodged            ||    49
